 Dungeon Crawl Stone Soup version 0.26-a0-812-g31a745ddcd (webtiles) character file.

Game seed: 6396600853600823954

5989 nuthulu the Fighter (level 10, -5/72 HPs)
             Began as a Gargoyle Fighter on Dec 10, 2020.
             Was a High Priest of Okawaru.
             Slain by an orc warrior
             ... wielding a +0 spear
              (17 damage)
             ... in a bailey.
             The game lasted 00:13:06 (9907 turns).

nuthulu the Fighter (Gargoyle Fighter)              Turns: 9907, Time: 00:13:06

Health: -5/72      AC: 30    Str: 24    XL:     10   Next: 85%
Magic:  9/10       EV:  4    Int:  8    God:    Okawaru [*****.]
Gold:   264        SH: 10    Dex:  9    Spells: 9/9 levels left

rFire    . . .     SeeInvis .   s - +3 flail (protect)
rCold    . . .     Faith    .   c - +1 kite shield
rNeg     + . .     Spirit   .   r - +3 plate armour
rPois    ∞         Reflect  .   g - +0 helmet
rElec    +         Harm     .   x - scarf {shadows}
rCorr    .         Rampage  .   e - +0 pair of gloves
MR       +....                  (no boots)
Stlth    ..........             b - amulet of the acrobat
HPRegen  0.22/turn              l - ring of protection from magic
MPRegen  0.12/turn              (no ring)

@: protection aura, studying Fighting
A: negative energy resistance 1, electricity resistance, unbreathing,
petrification resistance, rot immunity, AC +7
a: Heroism, Finesse, Renounce Religion


You were in a bailey.
You worshipped Okawaru.
Okawaru was extremely pleased with you.
You visited 1 branch of the dungeon, and saw 8 of its levels.
You also visited: Bailey.

You collected 530 gold pieces.
You spent 266 gold pieces at shops.

Inventory:

Hand Weapons
 s - a +3 flail of protection (weapon)
Missiles
 u - 3 throwing nets (quivered)
Armour
 c - a +1 kite shield (worn)
 e - a +0 pair of gloves (worn)
 g - a +0 helmet (worn)
 r - a +3 plate armour (worn)
 x - a scarf of shadows (worn)
Jewellery
 b - an amulet of the acrobat (around neck)
 l - a ring of protection from magic (left hand)
Scrolls
 h - 8 scrolls of remove curse
 i - 2 scrolls of amnesia
 m - 6 scrolls of identify
 n - a scroll of magic mapping
 o - a scroll of fog
 p - a scroll of holy word
 q - a scroll of teleportation
Potions
 d - a potion of might
 f - 2 potions of brilliance
 j - a potion of resistance
 k - 2 potions of lignification
 t - a potion of mutation
 v - a potion of berserk rage
Books
 a - a manual of Fighting


   Skills:
 + Level 12.7 Fighting
 + Level 11.3 Maces & Flails
 - Level 3.2 Armour
 - Level 3.2 Shields


You had 9 spell levels left.
You didn't know any spells.
Your spell library was empty.

Dungeon Overview and Level Annotations

Branches:
Dungeon (8/15)             Temple (0/1) D:6          Bailey (1/1)
   Lair: D:8-11

Altars:
Ashenzari
Cheibriados
Dithmenos
Elyvilon
Fedhas
Hepliaklqana
Okawaru
Trog
Uskayaw
Wu Jian
Xom
Yredelemnul
Zin
The Shining One

Shops:
D:4 ?


Innate Abilities, Weirdness & Mutations

You are resistant to torment.
Your stone body is resilient. (AC +7)
You are immune to poison.
You resist negative energy. (rN+)
You are resistant to electric shocks. (rElec)
You can survive without breathing.
You are immune to petrification.
You are immune to rotting.


Message History

You closely miss the orc warrior. You block the orc warrior's attack.
You closely miss the orc warrior.
You feel like a meek peon again. You block the orc warrior's attack.
You hit the orc warrior but do no damage.
You block the orc warrior's attack.
The orc warrior hits you from afar with a +0 spear!
You bludgeon the orc warrior!!
The orc warrior is severely wounded.
The orc warrior hits you but does no damage.
The orc warrior hits you with a +0 glaive!
You bludgeon the orc warrior!!
You kill the orc warrior!
Okawaru accepts your kill. You block the orc warrior's attack.
You hit the orc warrior but do no damage.
The orc warrior hits you with a +0 spear!
* * * LOW HITPOINT WARNING * * *
The orc warrior hits you from afar with a +0 spear!
You die...

......≈ .......≈
######### ........
##...()).##
........
##..#'#'#..##
........
#..##[#)##.(#
........
#.#########§#
........
#.')#?.:#.§.#
........
#.###o8.###§#
........
#.@)#.oo#())# ..
........
#o####o####o# ....
.(......
#o.##∩.∩##)(##....
........
##..#'''##........
........
##..o..##(.....o.
.......≈
..##....##(....≈≈≈
......≈≈
...#######(...≈.#.
......≈#
.........(....≈#o.
......≈o
..............≈..^


You could see 2 orc warriors.

Vanquished Creatures
  Harold (D:7)
  The ghost of sanka the Covert, a novice SpEn of Ru (D:8)
  Pikel (D:8)
  An orc knight (Bailey)
  Maggie (D:7)
  13 orc warriors
  Duvessa (D:7)
  2 ice beasts
  2 phantoms
  3 ogres
  2 bullfrogs (D:6)
  A big kobold (D:6)
  Dowan (D:7)
  2 scorpions
  8 wights
  A howler monkey (D:6)
  A quasit (D:5)
  2 hounds
  A gnoll shaman (D:7)
  4 orc priests
  A jelly (D:7)
  4 orc wizards
  Crazy Yiuf (D:7)
  7 worker ants
  A hound zombie (D:5)
  3 hound skeletons
  A howler monkey zombie (D:5)
  10 gnolls
  7 adders
  A shadow imp (D:5)
  A white imp (D:5)
  2 oozes (D:3)
  2 worms
  4 leopard geckos
  34 orcs
  7 bats
  8 giant cockroaches
  7 goblins
  11 hobgoblins
  14 jackals
  4 quokkas
  5 frilled lizards
  10 kobolds
  14 rats
208 creatures vanquished.

Vanquished Creatures (others)
  An orc warrior (D:7)
  2 bullfrogs (D:7)
  An orc wizard (D:7)
  An orc priest (D:7)
  An iguana (D:7)
  A gnoll (D:7)
  An adder (D:7)
  A leopard gecko (D:7)
  4 orcs
13 creatures vanquished.

Grand Total: 221 creatures vanquished

Notes
Turn   | Place    | Note
-------+----------+-------------------------------------------
     0 | D:1      | nuthulu the Gargoyle Fighter began the quest for the Orb.
     0 | D:1      | Reached XP level 1. HP: 14/14 MP: 1/1
   316 | D:1      | Reached XP level 2. HP: 17/19 MP: 2/2
   884 | D:1      | Reached XP level 3. HP: 23/24 MP: 3/3
  1256 | D:1      | Reached skill level 4 in Fighting
  1793 | D:2      | Reached XP level 4. HP: 7/30 MP: 4/4
  2090 | D:2      | Found a glowing golden altar of the Shining One.
  2615 | D:2      | Reached XP level 5. HP: 34/34 MP: 5/5
  2690 | D:2      | Found an iron altar of Okawaru.
  2691 | D:2      | Found a basalt altar of Yredelemnul.
  2691 | D:2      | Found a hide-covered altar of Uskayaw.
  2694 | D:2      | Became a worshipper of Warmaster Okawaru
  2696 | D:2      | Found a blossoming altar of Fedhas.
  2699 | D:2      | Found a shadowy altar of Dithmenos.
  3095 | D:3      | Reached skill level 5 in Fighting
  3318 | D:3      | Found a bloodstained altar of Trog.
  3985 | D:4      | Reached XP level 6. HP: 40/40 MP: 6/6
  4149 | D:4      | Noticed a phantom
  4215 | D:4      | Killed a phantom
  4380 | D:4      | Found Sadoudd's Magic Scroll Shoppe.
  4400 | D:4      | Bought a scroll of enchant weapon for 105 gold pieces
  4400 | D:4      | Bought a scroll of identify for 28 gold pieces
  4400 | D:4      | Bought a scroll of identify for 28 gold pieces
  4400 | D:4      | Bought a scroll of holy word for 105 gold pieces
  4569 | D:4      | Reached skill level 6 in Fighting
  4644 | D:4      | Found a broken altar of Ashenzari.
  4649 | D:4      | Reached skill level 5 in Maces & Flails
  4740 | D:5      | Entered Level 5 of the Dungeon
  4814 | D:5      | Reached * piety under Okawaru
  4957 | D:5      | Noticed a phantom
  4985 | D:5      | Killed a phantom
  4985 | D:5      | Reached XP level 7. HP: 41/47 MP: 7/7
  5139 | D:5      | Reached skill level 7 in Fighting
  5669 | D:5      | Found a glowing silver altar of Zin.
  5771 | D:5      | Reached ** piety under Okawaru
  6064 | D:6      | Reached XP level 8. HP: 52/53 MP: 8/8
  6156 | D:6      | Reached skill level 8 in Fighting
  6248 | D:6      | Found a snail-covered altar of Cheibriados.
  6480 | D:6      | Found a white marble altar of Elyvilon.
  6793 | D:6      | Reached skill level 9 in Fighting
  6807 | D:6      | Reached *** piety under Okawaru
  6813 | D:6      | Reached XP level 9. HP: 39/60 MP: 7/9
  7198 | D:6      | Found an ornate altar of the Wu Jian Council.
  7318 | D:6      | Found a staircase to the Ecumenical Temple.
  7515 | D:7      | Noticed Maggie
  7531 | D:7      | Killed Maggie
  7642 | D:7      | Noticed Harold
  7656 | D:7      | Killed Harold
  7656 | D:7      | Reached **** piety under Okawaru
  7656 | D:7      | Reached skill level 10 in Fighting
  7868 | D:7      | Found a hazy altar of Hepliaklqana.
  8110 | D:7      | Noticed Dowan
  8111 | D:7      | Noticed Duvessa
  8124 | D:7      | Killed Duvessa
  8127 | D:7      | Killed Dowan
  8138 | D:7      | Reached ***** piety under Okawaru
  8153 | D:7      | Reached skill level 11 in Fighting
  8157 | D:7      | Reached XP level 10. HP: 57/69 MP: 10/10
  8242 | D:7      | Found a runed translucent door.
  8245 | D:7      | Noticed Crazy Yiuf
  8331 | D:7      | Found a shimmering altar of Xom.
  8674 | D:7      | Paralysed by Crazy Yiuf for 2 turns
  8680 | D:7      | Killed Crazy Yiuf
  8680 | D:7      | Reached skill level 10 in Maces & Flails
  8775 | D:8      | Noticed Pikel
  8787 | D:8      | Killed Pikel
  8813 | D:8      | Found a runed translucent door.
  8868 | D:8      | Noticed sanka's ghost (novice SpEn)
  8912 | D:8      | Killed sanka's ghost
  8912 | D:8      | Received a gift from Okawaru
  9058 | D:8      | Found a flagged portal.
  9090 | Bailey   | Entered a bailey
  9256 | Bailey   | Reached skill level 12 in Fighting
  9878 | Bailey   | Noticed an orc knight
  9901 | Bailey   | Killed an orc knight
  9907 | Bailey   | Slain by an orc warrior

Illustrated notes

Levels and vault maps discovered:
D:1:      nagdon_arrival_double_spiral, layout_basic, grunt_decor_mini_mirrors,
          minmay_stone_trees_small
D:2:      layout_rooms, minitemple, minmay_liquid_box, minmay_tromino_v4_a
D:3:      layout_loops_cross, nicolae_overflow_hidden_temple, grunt_ministairs_6
D:4:      layout_loops_ring, nicolae_overflow_crystal_walls, serial_shops,
          shop_scrolls
D:5:      layout_basic, zin_scriptorium, minmay_misc_feat_tower
D:6:      layout_basic, marbit_many_paths, lemuel_coloured_pillars_altar,
          lemuel_crystal_altar, minmay_temple_entry_fiery
D:7:      layout_loops_corners, lemuel_round_altar, xom_confusion_cloud,
          uniq_harold, uniq_maggie, uniq_duvessa, uniq_crazy_yiuf_cottage
D:8:      layout_rooms, vehumet_crystals, ebering_ghost_reflecting_pool,
          enter_bailey_7, chequers_serial_rivers_micro_b,
          minmay_alternating_orb, uniq_grum, uniq_pikel
Bailey:   bailey_polearm_2, bailey

Skill      XL: |  1  2  3  4  5  6  7  8  9 10 |
---------------+-------------------------------+-----
Fighting       | 4 5 6 7 9 11 12 | 12.7
Maces & Flails | 3 4 5 6 8 9 11 | 11.3
Armour         | |  3.2
Shields        | |  3.2

Action                   |  1- 3 |  4- 6 |  7- 9 | 10-12 || total
-------------------------+-------+-------+-------+-------++-------
Melee: Flail             |   131 |   272 |   381 |   172 ||   956
Invok: Heroism           |       |       |     4 |     3 ||     7
  Use: Scroll            |     3 |    10 |     6 |     1 ||    20
       Potion            |       |       |       |     3 ||     3
Armor: Scale mail        |    88 |   136 |   209 |    87 ||   520
       Plate armour      |       |       |       |     6 ||     6
Dodge: Dodged            |    41 |    85 |   118 |    71 ||   315
Block: Kite shield       |    69 |   139 |   208 |   133 ||   549

Table legend: (Time is in decaauts)
 A = Elapsed time spent in this place.
 B = Non-inter-level travel time spent in this place.
 C = Inter-level travel time spent in this place.
 D = Time resting spent in this place.
 E = Time spent auto-exploring this place.
 F = Levels seen in this place.
 G = Mean time per level.
                   A        B        C        D        E       F      G
               +--------+--------+--------+--------+--------+-----+--------+
         Total |  10033 |   9739 |    294 |   3304 |   4187 |   9 | 1114.8 |
       Dungeon |   9225 |   8931 |    294 |   2784 |   4187 |   8 | 1153.1 |
        Bailey |    808 |    808 |      0 |    520 |      0 |   1 |  808.0 |
               +--------+--------+--------+--------+--------+-----+--------+

Top non-repeatable levels by time:
     D:1: 1712 daAuts
     D:7: 1393 daAuts
     D:6: 1393 daAuts
     D:5: 1270 daAuts
     D:2: 1206 daAuts
     D:3: 1016 daAuts
     D:4: 921 daAuts
  Bailey: 808 daAuts
     D:8: 312 daAuts
